 Dungeon Crawl Stone Soup version 0.17-a0-1571-g3ed2ab2 (webtiles) character file.

214057 Chiseanne the Prestidigitator (level 17, -11/142 HPs)
             Began as a Demonspawn Wanderer on July 24, 2015.
             Was an Initiate of Gozag.
             Shot with a bolt by a yaktaur captain (19 damage)
             ... on level 5 of the Vaults.
             The game lasted 03:46:58 (41267 turns).

Chiseanne the Prestidigitator (DsWn)               Turns: 41267, Time: 03:46:58

Health: -11/142    AC: 24    Str: 18    XL:     17   Next: 83%
Magic:  24/29      EV: 26    Int: 24    God:    Gozag
Gold:   223        SH: 10    Dex: 21    Spells: 11 memorised, 5 levels left

rFire  + . .     SeeInvis +     a - +6 rapier of Dung {elec, +Inv rElec Int+5}
rCold  + . .     Clarity  .     t - +4 robe of Augmentation {Str+4 Int+4 Dex+4}
rNeg   + . .     SustAt   .     C - +3 buckler {AC+3}
rPois  +         Gourm    .     G - +2 hat
rElec  +         Spirit   .     S - +2 cloak of the Thief {+Fog Slay-2 SInv Stlth+}
rCorr  .         Warding  +     g - +2 pair of gloves
rMut   .         Stasis   .     (boots unavailable)
MR     +....                    Z - amulet of warding
Stlth  +++++.....               r - ring of protection from fire
                                W - ring of poison resistance

@: stone skin, flying, very slightly contaminated, hasted, repel missiles,
invisible, very quick, somewhat resistant to hostile enchantments, quite
stealthy
A: hooves 3, rugged brown scales 3, cold resistance 1, powered by death 1,
freezing cloud immunity
a: Potion Petition, Call Merchant, Bribe Branch, Renounce Religion, Evoke Fog,
Turn Visible
}: 2/15 runes: serpentine, barnacled


You were on level 5 of the Vaults.
You worshipped Gozag.
Gozag was noncommittal.
You were not hungry.

You visited 6 branches of the dungeon, and saw 41 of its levels.
You visited the Abyss 1 time.

You collected 10559 gold pieces.
You spent 4067 gold pieces at shops.
You paid 6269 gold pieces to Gozag.

Inventory:

Hand weapons
 a - the +6 rapier of Dung (weapon) {elec, +Inv rElec Int+5}
   (You found it on level 6 of the Dungeon)

   Occasionally, upon striking a foe, it will discharge some electrical energy
   and cause terrible harm.
   It affects your intelligence (+5).
   It insulates you from electricity.
   It lets you turn invisible.
 e - a +8 hand crossbow
 s - a +2 trident of protection
Missiles
 b - 598 bolts
 d - 49 bolts of penetration
 k - 16 bolts of flame
 n - 26 silver bolts
 o - 13 poisoned bolts
 p - 8 steel bolts
 D - 26 poisoned javelins (quivered)
 P - 6 throwing nets
 R - 17 bolts of frost
Armour
 g - a +2 pair of gloves (worn)
 t - the +4 robe of Augmentation (worn) {Str+4 Int+4 Dex+4}
   (You found it on level 5 of the Dungeon)

   It affects your strength (+4).
   It affects your intelligence (+4).
   It affects your dexterity (+4).
 C - a +3 buckler of protection (worn)
 G - a +2 hat (worn)
 S - the +2 cloak of the Thief (worn) {+Fog Slay-2 SInv Stlth+}
   (You bought it in a shop on level 6 of the Dungeon)

   It affects your accuracy and damage with ranged weapons and melee attacks
   (-2).
   It lets you see invisible.
   It can be evoked to emit clouds of fog.
   It makes you more stealthy.
Jewellery
 f - an uncursed ring of teleportation
 m - an uncursed amulet of regeneration
 r - a ring of protection from fire (right hand)
 F - an uncursed ring of flight
 W - a ring of poison resistance (left hand)
 Z - an amulet of warding (around neck)
Magical devices
 i - a wand of invisibility (4)
 w - a wand of cold (10)
 H - a wand of draining (6)
 K - a wand of lightning (6)
Scrolls
 c - 3 scrolls of teleportation
 h - 2 scrolls of fear
 q - 5 scrolls of identify
 v - 4 scrolls of fog
 I - 17 scrolls of remove curse
 L - a scroll of immolation
 O - 2 scrolls of recharging
Potions
 j - 7 potions of curing
 l - 5 potions of flight
 u - 2 potions of lignification
 B - 2 potions of cancellation
 E - 6 potions of brilliance
 Y - a potion of ambrosia
Miscellaneous
 N - a lamp of fire (inert)
 T - a fan of gales
 X - a phial of floods
Comestibles
 z - 2 slices of pizza
 A - 4 bread rations
 J - 7 meat rations


   Skills:
 * Level 11.7 Fighting
 - Level 14.0 Short Blades
 - Level 1.7 Crossbows
 - Level 5.6 Armour
 + Level 14.0 Dodging
 - Level 6.5 Stealth
 + Level 7.1 Shields
 * Level 8.9 Spellcasting
 + Level 7.0 Hexes
 - Level 4.8 Transmutations
 - Level 14.0 Evocations


You had 5 spell levels left.
You knew the following spells:

 Your Spells              Type           Power        Failure   Level  Hunger
a - Apportation           Tloc           ##........   8%          1    None
b - Ensorcelled Hibernat  Hex/Ice        ####..       1%          2    None
c - Confuse               Hex            #####...     1%          3    None
d - Tukima's Dance        Hex            #####...     1%          3    None
e - Dazzling Spray        Conj/Hex       ####....     4%          3    None
f - Cause Fear            Hex            #####.....   3%          4    ##.....
g - Shroud of Golubria    Chrm/Tloc      ##........   12%         2    None
h - Fulminant Prism       Conj/Hex       ####......   17%         4    ##.....
i - Stoneskin             Trmt/Erth      ###.....     3%          2    None
j - Repel Missiles        Chrm/Air       ##....       12%         2    None
k - Blink                 Tloc           N/A          12%         2    None


Dungeon Overview and Level Annotations

Branches:
Dungeon (15/15)            Temple (0/1) D:4            Lair (8/8) D:9
 Shoals (4/4) Lair:3        Snake (4/4) Lair:4        Slime (0/6) Lair:8
    Orc (0/4) D:9          Vaults (5/5) D:14          Crypt (0/3) Vaults:3
 Depths (5/5) D:15
    Zot: Depths:5

Altars:
Ashenzari
Cheibriados
Dithmenos
Fedhas
Gozag
Nemelex Xobeh
Okawaru
Ru
Vehumet
Xom
Yredelemnul
The Shining One
Jiyva

Shops:
D:5 *   D:6 [   D:11 ?   D:13 [   Vaults:3 :*

Portals:
Hell: Depths:1
Abyss: Depths:4
Pandemonium: Depths:4

Annotations:
D:10 exclusion: door
D:11 Tyryt0's ghost, powerful FoFi
D:12 exclusion: upstairs
D:14 exclusions: door and 1 more exclusion
D:15 exclusion: orange crystal statue
Shoals:3 exclusion: downstairs
Snake:2 exclusion: downstairs
Snake:4 Mara
Vaults:2 exclusions: downstairs and upstairs
Vaults:3 exclusions: 4 doors, downstairs and upstairs
Depths:3 Boris; Saint Roka; the Enchantress
Depths:4 Louise


Innate Abilities, Weirdness & Mutations

You have hooves in place of feet.
You are completely covered in rugged brown scales (AC +3, +7% HP).
Your flesh is cold resistant.
You regenerate a little health from kills.
You are immune to freezing clouds.


Message History

The vault guard is severely wounded.
The fiery explosion engulfs the vault guard.
The vault guard is almost dead.
The fiery explosion engulfs the vault guard.
The vault guard is severely wounded.
The fiery explosion engulfs you! You resist.
* * * LOW HITPOINT WARNING * * *
The fiery explosion engulfs the vault guard.
The vault guard is lightly wounded.
The fiery explosion engulfs the vault guard.
The vault guard explodes!
The fiery explosion engulfs you! You resist.
* * * LOW HITPOINT WARNING * * *
The fiery explosion engulfs the vault guard.
The vault guard is severely wounded.
Your Hexes skill increases to level 7!
The yaktaur captain wields an arbalest.
The yaktaur captain shoots a bolt.
The bolt hits you!!
You die...
Your body crumbles into a pile of gold.

..$$p#........
.$..#$.$.#...
$..#.$.$pL..
$$.§.§§p9$p
#####.§§§§....#
..$.$§p§§§p....
.....§§§§p§....
.....p§@§§§p$!.
.....p§§§p§...≈
#####§§p§....##
..........#
....#.$.$$c..
##...#....#..$
#...#....#...
#...#....# ..


You could see a lich, a yaktaur captain, 10 vault guards, a war gargoyle (inner
flame) and 2 vault sentinels.

Vanquished Creatures
  A sphinx (Depths:3)
  Wiglaf (Depths:1)
  A greater naga (Snake:4)
  Aizul (Snake:2)
  3 vault wardens
  5 frost giants
  A ghoul (D:15)
  3 very ugly things
  6 stone giants
  2 ettins
  15 vault guards
  A merfolk javelineer (Shoals:4)
  An eidolon (Vaults:3)
  A jiangshi (Vaults:3)
  3 fire dragons
  6 merfolk impalers
  3 entropy weavers (Depths:2)
  3 yaktaur captains
  4 naga warriors
  An ogre mage (Depths:1)
  A catoblepas (D:15)
  6 anacondas
  2 centaur warriors
  3 hydras
  Erica (Lair:2)
  An alligator snapping turtle (Shoals:3)
  A merfolk aquamancer (Shoals:4)
  2 great orbs of eyes
  A rakshasa (Depths:1)
  A dancing weapon (Vaults:3)
  A tengu warrior (Depths:3)
  2 spriggan berserkers
  A deep troll earth mage (Depths:4)
  2 shock serpents
  12 naga sharpshooters
  4 hell knights (Depths:4)
  A skeletal warrior (Vaults:3)
  2 deep trolls
  An unseen horror (D:14)
  2 flayed ghosts
  8 sea snakes
  An orc knight (Vaults:4)
  A deep elf conjurer (D:15)
  2 naga ritualists (Snake:3)
  3 giant orange brains
  The ghost of 2tc the Covert, an experienced FeTm of Dithmenos (Lair:3)
  2 necromancers (Depths:4)
  2 wizards
  An ironbrand convoker (Vaults:4)
  5 mana vipers
  9 ugly things
  2 wolf spiders
  A hill giant (D:14)
  A hornet (shapeshifter) (D:15)
  7 griffons
  3 salamanders (Snake:2)
  A water nymph (Shoals:3)
  2 manticores
  An orb spider (shapeshifter) (Vaults:2)
  4 sirens
  An octopode (shapeshifter) (Vaults:2)
  3 cyclopes
  4 centaur zombies (D:15)
  6 naga magi
  25 black mambas
  4 vault sentinels
  Psyche (Lair:2)
  2 guardian serpents (Snake:2)
  20 spiny frogs
  A centaur skeleton (D:15)
  3 gargoyles
  5 spectral swamp worms (Depths:1)
  A smoke demon (Abyss:2)
  25 yaktaurs
  5 komodo dragons
  A redback zombie (D:15)
  A deep elf priest (Vaults:4)
  3 fire drakes
  2 trolls
  A wind drake (Shoals:3)
  8 merfolk
  A jumping spider (Depths:2)
  2 freezing wraiths
  A polar bear (Lair:8)
  A troll (shapeshifter) (D:15)
  Prince Ribbit (D:5)
  A jumping spider (shapeshifter) (D:15)
  3 boulder beetles
  7 blink frogs (Lair:8)
  13 slime creatures
  5 snapping turtles
  An air elemental (Depths:4)
  3 humans (Lair:2)
  5 redbacks
  A trapdoor spider (shapeshifter) (D:15)
  8 water elementals
  8 vampire mosquitoes
  2 tarantellas
  A chaos spawn (Abyss:1)
  A wraith (D:15)
  3 deep elf fighters
  4 basilisks
  A wyvern (D:11)
  18 yaks
  9 hippogriffs
  Edmund (Lair:2)
  15 water moccasins
  A mottled dragon (Vaults:2)
  9 nagas
  18 wolves
  Duvessa (D:4)
  4 orc warriors
  7 porcupines
  A black bear (D:10)
  2 ice beasts
  2 phantoms
  2 sky beasts
  12 ogres
  A wasp (D:9)
  2 eyes of draining
  11 centaurs
  3 boggarts (Depths:3)
  11 crocodiles
  2 brain worms
  3 big kobolds
  27 giant frogs
  Dowan (D:4)
  3 scorpions
  3 killer bees (D:9)
  6 wights
  5 electric eels
  A crimson imp (D:9)
  7 hounds
  3 giant frog zombies
  A giant frog skeleton (D:8)
  8 orc priests
  Crazy Yiuf (D:4)
  Ijyb (D:3)
  10 iguanas
  7 orc wizards
  2 jellies
  4 hell rats (Lair:3)
  8 worker ants
  A killer bee zombie (D:8)
  15 sheep
  A mummy (D:8)
  2 hound skeletons (D:4)
  16 adders
  7 gnolls
  55 river rats
  6 shadow imps
  2 oozes
  2 worms
  19 orcs
  2 giant cockroaches
  7 goblins
  18 hobgoblins
  9 jackals
  4 quokkas
  4 ball pythons
  13 bats
  4 giant geckos
  5 giant newts
  2 gnoll zombies (D:7)
  25 kobolds
  15 rats
  11 fungi
  8 plants
847 creatures vanquished.

Vanquished Creatures (collateral kills)
  A lich (Depths:2)
  Agnes (Snake:2)
  Frances (D:12)
  Ilsuiw (Shoals:4)
  A fire giant (Depths:2)
  2 vault wardens (Vaults:4)
  An ironheart preserver (Vaults:4)
  A spriggan defender (Depths:3)
  A salamander stormcaller (D:15)
  4 merfolk impalers
  3 merfolk javelineers (Shoals:4)
  3 ettins
  3 naga warriors
  A yaktaur captain (Depths:4)
  An ogre mage (D:15)
  A satyr (Shoals:3)
  2 merfolk aquamancers
  A merfolk avatar (Shoals:1)
  3 spriggan air magi
  2 deep troll shamans (Depths:4)
  A spriggan (Depths:3)
  2 naga sharpshooters
  Urug (Lair:1)
  A deep elf knight (Vaults:4)
  2 hell knights (Depths:4)
  4 sea snakes (Shoals:4)
  2 salamander mystics
  A deep troll (Depths:4)
  An ironbrand convoker (Vaults:4)
  A necromancer (Depths:2)
  An ugly thing (Depths:2)
  A hill giant (D:15)
  A deep elf conjurer (Vaults:4)
  3 salamanders
  2 black mambas
  5 sirens
  4 naga magi
  A yaktaur (Vaults:4)
  A deep elf priest (D:15)
  18 merfolk
  A troll (Vaults:4)
  A yaktaur (shapeshifter) (Depths:2)
  3 two-headed ogres
  A wind drake (Shoals:4)
  3 slime creatures (Depths:2)
  An air elemental (Depths:4)
  2 water elementals
  A deep elf fighter (Vaults:1)
  15 nagas
  4 vampire mosquitoes
  An orc warrior (D:15)
  3 ogres
  A wasp (Depths:3)
  4 wights (D:11)
  An electric eel (Lair:2)
  2 orc priests
  A worker ant (D:9)
  7 orcs
  A jackal (Lair:2)
140 creatures vanquished.

Vanquished Creatures (others)
  A merfolk impaler (Shoals:4)
  A naga warrior (Snake:2)
  A merfolk aquamancer (Shoals:3)
  A shock serpent (Snake:3)
  A sea snake (Shoals:4)
  A wizard (Depths:3)
  A griffon (Shoals:4)
  37 dancing weapons
  A salamander (Snake:3)
  A black mamba (Snake:3)
  A merfolk (Shoals:3)
  A slime creature (D:15)
  A water elemental (Shoals:4)
  59 fungi
  47 plants
155 creatures vanquished.

Grand Total: 1142 creatures vanquished

Notes
Turn   | Place    | Note
--------------------------------------------------------------
     0 | D:1      | Chiseanne the Demonspawn Wanderer began the quest for the Orb.
     0 | D:1      | Chiseanne set off with: a +2 hand crossbow, 20 bolts, 2 scrolls of teleportation, a +0 robe, a +0 dagger, a bread ration
     0 | D:1      | Reached XP level 1. HP: 18/18 MP: 1/1
   237 | D:1      | Gained mutation: Your flesh is cold resistant. [demonic ancestry]
   237 | D:1      | Reached XP level 2. HP: 17/24 MP: 2/2
   618 | D:2      | Gained mutation: You are partially covered in rugged brown scales (AC +1, +3% HP). [demonic ancestry]
   618 | D:2      | Reached XP level 3. HP: 20/29 MP: 3/3
  1341 | D:3      | Gained mutation: You are mostly covered in rugged brown scales (AC +2, +5% HP). [demonic ancestry]
  1341 | D:3      | Reached XP level 4. HP: 24/36 MP: 4/4
  1522 | D:3      | Found a sparkling altar of Nemelex Xobeh.
  1595 | D:3      | Found an opulent altar of Gozag.
  1601 | D:3      | Became a worshipper of Gozag Ym Sagoz the Greedy
  1693 | D:3      | Noticed Ijyb
  1758 | D:3      | Killed Ijyb
  2134 | D:3      | Found a glowing golden altar of the Shining One.
  2333 | D:4      | Reached XP level 5. HP: 30/44 MP: 5/5
  2342 | D:4      | Reached skill level 4 in Fighting
  2468 | D:4      | Noticed a phantom
  2549 | D:4      | Killed a phantom
  2549 | D:4      | Gained mutation: You have large cloven feet. [demonic ancestry]
  2549 | D:4      | Reached XP level 6. HP: 20/50 MP: 6/6
  2654 | D:4      | Found a staircase to the Ecumenical Temple.
  2802 | D:4      | Found a radiant altar of Vehumet.
  2947 | D:4      | Found a shadowy altar of Dithmenos.
  3253 | D:4      | Reached XP level 7. HP: 49/57 MP: 7/7
  3338 | D:4      | Found a blossoming altar of Fedhas.
  3458 | D:4      | Noticed Crazy Yiuf
  3470 | D:4      | Killed Crazy Yiuf
  3677 | D:4      | Noticed Duvessa
  3677 | D:4      | Noticed Dowan
  3690 | D:4      | Killed Duvessa
  3690 | D:4      | Reached skill level 5 in Fighting
  3690 | D:4      | Reached skill level 5 in Armour
  3697 | D:4      | Killed Dowan
  3784 | D:5      | Entered Level 5 of the Dungeon
  3853 | D:5      | Learned a level 2 spell: Stoneskin
  3883 | D:5      | Noticed Prince Ribbit
  3890 | D:5      | Killed Prince Ribbit
  3890 | D:5      | Reached skill level 1 in Spellcasting
  3890 | D:5      | Reached skill level 1 in Transmutations
  3890 | D:5      | Reached XP level 8. HP: 33/66 MP: 7/10
  4218 | D:5      | Learned a level 5 spell: Irradiate
  4337 | D:5      | Found Isunanom's General Store.
  4361 | D:5      | Bought a potion of heal wounds for 65 gold pieces
  4361 | D:5      | Bought a potion of might for 52 gold pieces
  4361 | D:5      | Bought a beef jerky for 19 gold pieces
  4586 | D:5      | Found a shimmering altar of Xom.
  4940 | D:6      | Found Ahatzyh's Antique Armour Shop.
  4947 | D:6      | Got a faintly glowing rapier
  4980 | D:6      | Identified the +6 rapier of Dung {elec, +Inv rElec Int+5} (You found it on level 6 of the Dungeon)
  4988 | D:6      | Bought a runed cloak for 126 gold pieces
  4988 | D:6      | Bought a pair of gloves for 126 gold pieces
  4988 | D:6      | Bought a pair of boots for 126 gold pieces
  5653 | D:7      | Reached XP level 9. HP: 72/72 MP: 14/14
  5784 | D:7      | Found a basalt altar of Yredelemnul.
  6215 | D:8      | Found a snail-covered altar of Cheibriados.
  7117 | D:9      | Found Agak's Food Shoppe.
  7138 | D:9      | Bought 3 fruits for 63 gold pieces
  7138 | D:9      | Bought a bread ration for 70 gold pieces
  7138 | D:9      | Bought a slice of pizza for 21 gold pieces
  7138 | D:9      | Bought a bread ration for 70 gold pieces
  7138 | D:9      | Bought a meat ration for 70 gold pieces
  7138 | D:9      | Bought 4 fruits for 84 gold pieces
  7138 | D:9      | Bought 4 fruits for 84 gold pieces
  7138 | D:9      | Bought a meat ration for 70 gold pieces
  7138 | D:9      | Bought 4 fruits for 84 gold pieces
  7138 | D:9      | Bought a slice of pizza for 21 gold pieces
  7138 | D:9      | Bought a slice of pizza for 21 gold pieces
  7492 | D:9      | Found a shattered altar of Ashenzari.
  7509 | D:9      | Learned a level 2 spell: Ensorcelled Hibernation
  7513 | D:9      | Learned a level 3 spell: Confuse
  7526 | D:9      | Learned a level 3 spell: Tukima's Dance
  7623 | D:9      | Reached skill level 5 in Spellcasting
  7634 | D:9      | Learned a level 3 spell: Dazzling Spray
  7792 | D:9      | Reached skill level 1 in Hexes
  7993 | D:9      | Found a staircase to the Orcish Mines.
  8091 | D:9      | Found a staircase to the Lair.
  8151 | Lair:1   | Entered Level 1 of the Lair of Beasts
  8155 | Lair:1   | Noticed a spiny frog
  8163 | Lair:1   | Killed a spiny frog
  8163 | Lair:1   | Gained mutation: You have hoof-like feet. [demonic ancestry]
  8163 | Lair:1   | Reached XP level 10. HP: 54/79 MP: 18/18
  8317 | D:10     | Entered Level 10 of the Dungeon
  8411 | D:10     | Reached skill level 5 in Stealth
  8808 | D:10     | Reached skill level 6 in Spellcasting
  8820 | D:10     | Reached skill level 5 in Short Blades
  8850 | D:10     | Noticed a cyan ugly thing
  8850 | D:10     | Noticed a white ugly thing
  9152 | Lair:1   | Noticed Erica
  9156 | Lair:1   | Noticed Urug
  9181 | Lair:2   | Killed Erica
  9286 | Lair:1   | Killed Urug
  9330 | Lair:1   | Noticed a spiny frog
  9336 | Lair:1   | Killed a spiny frog
  9336 | Lair:1   | Reached skill level 7 in Spellcasting
  9336 | Lair:1   | Reached XP level 11. HP: 59/85 MP: 21/21
  9519 | Lair:2   | Reached skill level 5 in Hexes
  9535 | Lair:2   | Noticed Edmund
  9537 | Lair:2   | Noticed Psyche
  9548 | Lair:2   | Killed Psyche
  9579 | Lair:2   | Killed Edmund
 10358 | Lair:3   | Noticed 2tc's ghost (experienced FeTm)
 11117 | Lair:3   | Reached skill level 1 in Shields
 11277 | Lair:3   | Found a staircase to the Shoals.
 11586 | Lair:4   | Noticed an eight-headed hydra
 11600 | Lair:4   | Killed an eight-headed hydra
 11647 | Lair:4   | Found a staircase to the Snake Pit.
 11973 | D:6      | Bought the +2 cloak of the Thief {+Fog Slay-2 SInv Stlth+} for 1542 gold pieces
 12257 | Lair:4   | Got a steaming leather armour
 12276 | Lair:4   | Reached skill level 1 in Evocations
 13212 | Lair:5   | Gained mutation: You have hooves in place of feet. [demonic ancestry]
 13212 | Lair:5   | Reached XP level 12. HP: 91/91 MP: 23/23
 13295 | Lair:5   | Reached skill level 5 in Evocations
 13691 | Lair:7   | Found a shadowy altar of Dithmenos.
 13845 | Lair:7   | Noticed a four-headed hydra
 13855 | Lair:7   | Killed a four-headed hydra
 14067 | Lair:7   | Reached skill level 8 in Evocations
 14219 | Lair:7   | Noticed a four-headed hydra
 14316 | Lair:8   | Entered Level 8 of the Lair of Beasts
 14618 | Lair:8   | Reached skill level 9 in Evocations
 14693 | Lair:8   | Noticed a five-headed hydra
 14705 | Lair:8   | Killed a five-headed hydra
 14780 | Lair:8   | Found a viscous altar of Jiyva.
 14780 | Lair:8   | Found a staircase to the Slime Pits.
 14958 | Lair:8   | Reached skill level 10 in Evocations
 15361 | Lair:8   | Reached skill level 11 in Evocations
 15698 | Lair:8   | Reached XP level 13. HP: 63/97 MP: 24/24
 16387 | Lair:8   | Reached skill level 12 in Evocations
 17083 | Lair:8   | Identified the +3 leather armour of Whack-A-Mole {Int+2} (You found it on level 4 of the Lair of Beasts)
 17479 | D:11     | Found Ythuerem's Magic Scroll Shoppe.
 17487 | D:11     | Bought a scroll of teleportation for 30 gold pieces
 17487 | D:11     | Bought a scroll of identify for 20 gold pieces
 17487 | D:11     | Bought a scroll of teleportation for 30 gold pieces
 17487 | D:11     | Bought a scroll of magic mapping for 35 gold pieces
 17487 | D:11     | Bought a scroll of enchant weapon for 75 gold pieces
 17487 | D:11     | Bought a scroll of enchant weapon for 75 gold pieces
 17604 | D:11     | Gained mutation: Your mind is acute. (Int +2) [potion of beneficial mutation]
 17666 | D:11     | Noticed Tyryt0's ghost (powerful FoFi)
 18075 | D:11     | Got a distressingly furry chain mail
 18096 | D:11     | Identified the +4 chain mail of Somiv {+Blink Dex-4 SInv} (You found it on level 11 of the Dungeon)
 18147 | D:12     | Noticed Frances
 18188 | D:12     | Killed Frances
 18188 | D:12     | Reached skill level 13 in Evocations
 18728 | D:13     | Found Boxu's Armour Boutique.
 18731 | D:13     | Bought a +0 buckler of protection for 138 gold pieces
 18881 | D:11     | Bought a scroll of enchant armour for 75 gold pieces
 19135 | D:14     | Found a gate to the Vaults.
 19207 | D:15     | Entered Level 15 of the Dungeon
 19250 | D:15     | Noticed a ghoul
 19271 | D:15     | Killed a ghoul
 19280 | D:15     | Reached skill level 14 in Evocations
 19365 | D:15     | Reached skill level 5 in Dodging
 19794 | D:15     | Found a staircase to the Depths.
 20211 | D:6      | Bought a fabulously ornate robe for 159 gold pieces
 20221 | D:6      | Identified the +1 robe "Rixuul" {rN+} (You bought it in a shop on level 6 of the Dungeon)
 20380 | Shoals:1 | Entered Level 1 of the Shoals
 20779 | Shoals:1 | Found a sacrificial altar of Ru.
 20888 | Shoals:1 | Gained mutation: You are immune to freezing clouds. [demonic ancestry]
 20888 | Shoals:1 | Reached XP level 14. HP: 82/103 MP: 22/25
 21776 | Shoals:3 | Learned a level 4 spell: Cause Fear
 21781 | Shoals:3 | Learned a level 4 spell: Fulminant Prism
 22061 | Shoals:4 | Entered Level 4 of the Shoals
 22221 | Shoals:4 | Reached skill level 10 in Dodging
 22265 | Shoals:4 | Gained mutation: Scrolls take you a little longer to read. [mutagenic glow]
 23362 | Shoals:4 | Noticed Ilsuiw
 23813 | Shoals:4 | Killed Ilsuiw
 24196 | Shoals:4 | Got a barnacled rune of Zot
 24256 | Shoals:4 | Gained mutation: You expend magic power (3 MP) to strengthen your wands. [mutagenic glow]
 24671 | Snake:1  | Entered Level 1 of the Snake Pit
 24760 | Snake:1  | Gained mutation: You are completely covered in rugged brown scales (AC +3, +7% HP). [demonic ancestry]
 24760 | Snake:1  | Reached XP level 15. HP: 103/112 MP: 16/26
 25165 | D:15     | Learned a level 2 spell: Repel Missiles
 25177 | D:15     | Lost mutation: Scrolls take you a little longer to read. [potion of cure mutation]
 25177 | D:15     | Lost mutation: Your mind is acute. (Int +2) [potion of cure mutation]
 25177 | D:15     | Lost mutation: You expend magic power (3 MP) to strengthen your wands. [potion of cure mutation]
 25514 | Lair:3   | Killed 2tc's ghost
 25701 | Snake:3  | Reached skill level 5 in Shields
 25848 | Snake:2  | Identified a scroll of acquirement
 25849 | Snake:2  | Got a heavily runed cloak
 25860 | Snake:2  | Identified the -2 cloak "Uhisuac" {SInv} (You acquired it on level 2 of the Snake Pit)
 26319 | Snake:2  | Noticed Aizul
 27020 | Snake:2  | Noticed Agnes
 27033 | Snake:2  | Killed Agnes
 27189 | Snake:2  | Killed Aizul
 27335 | Snake:2  | Got a transparent shield
 27438 | Snake:2  | Identified the +3 shield "Funut" {Str-5 Dex+5} (You took it off a salamander on level 2 of the Snake Pit)
 27866 | Snake:4  | Entered Level 4 of the Snake Pit
 28292 | Snake:4  | Noticed Mara
 29830 | Snake:4  | Noticed a greater naga
 30064 | Snake:4  | Killed a greater naga
 30073 | Snake:4  | Noticed a greater naga
 30101 | Snake:4  | Reached skill level 10 in Short Blades
 30101 | Snake:4  | Reached XP level 16. HP: 48/124 MP: 9/27
 30152 | Snake:4  | Got a serpentine rune of Zot
 30587 | D:15     | Learned a level 1 spell: Apportation
 30597 | D:15     | Learned a level 2 spell: Shroud of Golubria
 30600 | D:15     | Learned a level 2 spell: Blink
 31121 | Vaults:1 | Entered Level 1 of the Vaults
 31493 | Vaults:3 | Found Zolir's Book Emporium.
 31743 | Vaults:3 | Found a staircase to the Crypt.
 32031 | Vaults:3 | Found Rukoh's Assorted Antiques.
 32039 | Vaults:3 | Bought a pink potion for 37 gold pieces
 32039 | Vaults:3 | Bought a scroll of teleportation for 126 gold pieces
 33433 | Depths:1 | Entered Level 1 of the Depths
 33433 | Depths:1 | Noticed Wiglaf
 33464 | Depths:1 | Killed Wiglaf
 34069 | Depths:1 | Found a gateway to Hell.
 34217 | Depths:1 | Found an iron altar of Okawaru.
 34432 | Depths:2 | Found a basalt altar of Yredelemnul.
 35420 | Depths:2 | Noticed a lich
 35442 | Depths:2 | Cast into the Abyss (a lich)
 35625 | Abyss:1  | Noticed a tentacled starspawn
 35829 | Depths:2 | Escaped the Abyss
 35834 | Depths:2 | Killed a lich
 35834 | Depths:2 | Reached skill level 10 in Fighting
 35979 | Depths:2 | Noticed a lich
 35981 | Depths:2 | Noticed a Hell Sentinel
 36228 | Depths:3 | Noticed the Enchantress
 37026 | Depths:2 | Gained mutation: You regenerate a little health from kills. [demonic ancestry]
 37026 | Depths:2 | Reached XP level 17. HP: 80/136 MP: 22/28
 37397 | Depths:3 | Noticed Boris
 38223 | Depths:3 | Noticed Saint Roka
 38648 | Depths:4 | Found a one-way gate leading to the halls of Pandemonium.
 38666 | Depths:5 | Entered Level 5 of the Depths
 39011 | Depths:4 | Found a one-way gate to the infinite horrors of the Abyss.
 39011 | Depths:4 | Noticed Louise
 39023 | Depths:4 | Paralysed by a great orb of eyes for 6 turns
 39587 | D:15     | Noticed a salamander stormcaller
 39594 | D:15     | Killed a salamander stormcaller
 39736 | D:15     | Bought a beef jerky for 16 gold pieces
 39736 | D:15     | Bought a slice of pizza for 16 gold pieces
 39736 | D:15     | Bought a bread ration for 55 gold pieces
 39736 | D:15     | Bought a bread ration for 55 gold pieces
 39736 | D:15     | Bought a bread ration for 55 gold pieces
 39736 | D:15     | Bought a meat ration for 55 gold pieces
 39736 | D:15     | Bought 3 fruits for 49 gold pieces
 39736 | D:15     | Bought a bread ration for 55 gold pieces
 39736 | D:15     | Bought a meat ration for 55 gold pieces
 39736 | D:15     | Bought a meat ration for 55 gold pieces
 39736 | D:15     | Bought a meat ration for 55 gold pieces
 39736 | D:15     | Bought a slice of pizza for 16 gold pieces
 39736 | D:15     | Bought a slice of pizza for 16 gold pieces
 40587 | Vaults:5 | Entered Level 5 of the Vaults
 41264 | Vaults:5 | Noticed a lich
 41267 | Vaults:5 | Shot with a bolt by a yaktaur captain

Vault maps used:
D:1:      dpeg_arrival_castle
D:3:      nemelex_xobeh_ov_fountains_minmay, grunt_gozag_statues, tso_altar,
          uniq_iyjb
D:4:      fedhas_altar_1, vehumet_altar_wand_db,
          nicolae_dithmenos_shadow_blocks, temple_statues, uniq_duvessa,
          uniq_crazy_yiuf_cottage
D:5:      nicolae_overflow_hidden_temple, first_bread, serial_shops,
          kennysheep_little_box, uniq_prince_ribbit1
D:6:      lemuel_round_altar, serial_shops, nicolae_shop_crystal
D:7:      lemuel_zombie_altar_yredelemnul
D:8:      statuecave_lemuel, slow_altar_2
D:9:      evilmike_ruin_ashenzari, lair_0_dummy, orc_0_dummy, serial_shops,
          shop_coins
D:10:     cheibrodos_breeding_chamber
D:12:     uniq_frances
D:14:     david_vaults_1, grunt_tengu_nest, kennysheep_small_circle
D:15:     gammafunk_enter_depths_forms, serial_undead, serial_undead_b,
          serial_undead_a, serial_undead_f, serial_undead_d, minivault_16
Lair:1:   infiniplex_staircase_pool_2, grunt_megastairs_3, uniq_erica, uniq_urug
Lair:2:   erik_1, serial_bayou_lagoon_a
Lair:3:   kennysheep_abandoned_house, elwin_shoals_entry_rocks,
          lemuel_fruit_tree
Lair:4:   wad_woods_minihive, guppyfry_snake_entry_garden
Lair:5:   uniq_nessos
Lair:6:   hangedman_lair_generics_rect
Lair:7:   basic_altar
Lair:8:   minmay_lair_end_frog_pond, slime_altar_1, lemuel_fruit_fields
Shoals:1: lemuel_centaur_altar
Shoals:2: serial_shops, shop, nicolae_shoals_arrival_archipelago
Shoals:4: shoals_end_simple, shoal_ilsuiw, nicolae_shoals_mertower
Snake:1:  portal_ice_cave_demonic_guard, hangedman_snake_corridor_split,
          serial_bayou_shore_b
Snake:2:  uniq_agnes, uniq_aizul
Snake:3:  boulder_indie, serial_shops, freezing_bzr
Snake:4:  snake_pit, uniq_mara
Vaults:1: vaults_room_pool, nicolae_vaults_circle_grid_b, ontoclasm_vaults_spin,
          hangedman_vaults_slice, nicolae_vaults_disjoint_gnomons,
          nicolae_vaults_windows_and_doors_thing, v_misc_12,
          special_room_vaults, vaults_mumra_minichess, vaults_room_pool,
          hangedman_vaults_impose
Vaults:2: ontoclasm_vaults_ligature, vaults_dpeg_doors,
          nicolae_vaults_twisting_passages, nicolae_vaults_hallways_thing,
          v_misc_25, vaults_dpeg_spiral, kennysheep_vaults_gozag_temple,
          serial_ice_m, vaults_room_stairs_pillars, serial_shops, shop_fountains
Vaults:3: nicolae_vaults_asterisk, vaults_room_corners,
          hangedman_vaults_stitches, v_misc_10, grunt_vaults_hallway_long,
          grunt_vaults_hallway_short, vaults_dpeg_encased_lava, v_misc_18,
          minmay_crypt_entry_simple_plaza, v_alt_pattern_6,
          ontoclasm_vaults_pinch, v_rooms_4, ontoclasm_vaults_fault,
          v_alt_pattern_3, serial_shops, shop, nicolae_shop_trees
Vaults:4: nicolae_vaults_puzzle_piece, nicolae_vaults_three_branches,
          nicolae_vaults_meeting, v_pattern_5, v_misc_22, v_misc_11,
          nicolae_vaults_stairing_the_circle, v_alt_pattern_6,
          vaults_room_door_ring, vaults_room_hallway, stair_cage_open
Vaults:5: serial_shops
Depths:1: pf_hell_entry_tar_river, okawaru_ov_weapons_minmay, pan_entry,
          kennysheep_crisscross, grunt_tough_drop, uniq_norris, uniq_wiglaf
Depths:2: hangedman_box_tower, pan_entry, kennysheep_flooded_box,
          grunt_hell_horde
Depths:3: minmay_containers, enter_ziggurat_f, hell_entry,
          rand_demon_pan_entry_7, grunt_decor_fettered, uniq_boris,
          uniq_enchantress, uniq_saint_roka
Depths:4: lemuel_vampire_tower, pf_coc_iceberg, rand_demon_pan_entry_5,
          infiniplex_staircase_door_maze,
          nicolae_abyss_entry_one_way_or_another, minmay_misc_feat_four_crosses,
          minmay_misc_feat_plants
Depths:5: evilmike_zot_entry_hall, minmay_misc_feat_alley, hell_entry,
          st_stairs_8, uniq_mennas, uniq_xtahua
Abyss:1:  hangedman_abyss_batty_box
Abyss:2:  hangedman_abyss_sting

Action                   |  1- 3 |  4- 6 |  7- 9 | 10-12 | 13-15 | 16-18 || total
-------------------------+-------+-------+-------+-------+-------+-------++-------
Melee: Short sword       |   135 |   256 |       |       |       |       ||   391
       Flail             |       |     9 |    31 |       |       |       ||    40
       Rapier            |       |       |   296 |   875 |  1364 |   968 ||  3503
 Fire: Hand crossbow     |    10 |    52 |   111 |   146 |   107 |       ||   426
Throw: Tomahawk          |       |       |       |       |     3 |       ||     3
       Javelin           |       |       |       |       |     2 |       ||     2
       Throwing net      |       |       |       |       |     2 |       ||     2
 Cast: Stoneskin         |       |       |     3 |       |       |     3 ||     6
       Ensorcelled Hiber |       |       |     5 |       |     1 |       ||     6
       Confuse           |       |       |       |    10 |   123 |    68 ||   201
       Tukima's Dance    |       |       |       |     9 |   202 |   113 ||   324
       Dazzling Spray    |       |       |       |     3 |    19 |    19 ||    41
       Cause Fear        |       |       |       |       |     8 |       ||     8
       Repel Missiles    |       |       |       |       |     1 |     3 ||     4
       Shroud of Golubri |       |       |       |       |       |     3 ||     3
       Apportation       |       |       |       |       |       |     1 ||     1
Invok: Call Merchant     |       |       |       |       |     2 |     1 ||     3
       Potion Petition   |       |       |       |       |     8 |     4 ||    12
 Abil: Evoke Fog         |       |       |       |     5 |    22 |    15 ||    42
       Evoke Invisibilit |       |       |       |     1 |    22 |     8 ||    31
Evoke: Lamp of fire      |       |       |       |     2 |     1 |     4 ||     7
       Phial of floods   |       |       |       |       |     1 |     2 ||     3
       Sack of spiders   |       |       |       |       |    12 |       ||    12
       Wand              |       |       |       |       |       |     3 ||     3
       Fan of gales      |       |       |       |       |       |     1 ||     1
  Use: Scroll            |     4 |     3 |    11 |    12 |    24 |    23 ||    77
       Potion            |       |       |       |     5 |    14 |    10 ||    29
 Stab: Sleeping          |     1 |     2 |     9 |    20 |    22 |    14 ||    68
       Distracted        |       |       |     2 |    12 |    13 |    14 ||    41
       Confused          |       |       |       |     4 |    25 |    27 ||    56
       Invisible         |       |       |       |     3 |    58 |    23 ||    84
  Eat: Chunk             |     2 |     1 |       |       |       |       ||     3
       Fruit             |       |     5 |     8 |    16 |     5 |     3 ||    37
       Bread ration      |       |     1 |     2 |       |    14 |     1 ||    18
       Beef jerky        |       |       |     2 |     8 |     1 |     2 ||    13
       Pizza             |       |       |     1 |       |     5 |     2 ||     8
       Royal jelly       |       |       |       |     2 |     1 |       ||     3
       Meat ration       |       |       |       |       |     2 |     7 ||     9
